 Dungeon Crawl Stone Soup version 0.28-a0-1506-g3893175d92 (webtiles) character file.

Game seed: 5754097777103571242

123 HallandMoats the Skirmisher (level 5, -22/46 HPs)
             Began as a Ghoul Monk on Jan 14, 2022.
             Was a Priest of Dithmenos.
             Annihilated by an ogre (28 damage)
             ... on level 3 of the Dungeon.
             The game lasted 00:03:34 (2606 turns).

HallandMoats the Skirmisher (Ghoul Monk)            Turns: 2606, Time: 00:03:34

Health: -22/46     AC:  5    Str: 15 (17) XL:     5   Next: 7%
Magic:  4/4        EV: 12    Int:  4 (5)  God:    Dithmenos [***...]
Gold:   129        SH:  0    Dex: 11      Spells: 4/4 levels left

rFire   . . .      SeeInvis .   b - +1 dagger (vamp)
rCold   + . .      Faith    .   (no shield)
rNeg    + + +      Spirit   .   d - +0 troll leather armour
rPois   ∞          Reflect  .   c - +0 helmet
rElec   .          Harm     .   (no cloak)
rCorr   .          Rampage  .   (no gloves)
Will    .....                   (no boots)
Stlth   ++........              (no amulet)
HPRegen 0.00/turn               (no ring)
MPRegen 0.09/turn               (no ring)

@: inhibited regen, wreathed by umbra
A: claws 1, cold resistance 1, negative energy resistance 3, inhibited
regeneration, torment resistance 2
a: Renounce Religion, Shadow Step


You were on level 3 of the Dungeon.
You worshipped Dithmenos.
Dithmenos was most pleased with you.
You visited 1 branch of the dungeon, and saw 4 of its levels.

You collected 129 gold pieces.

Inventory:

Hand Weapons
 a - a +0 falchion
 b - a +1 vampiric dagger (weapon)
Armour
 c - a +0 helmet (worn)
 d - a +0 troll leather armour (worn)
 e - a +0 hat
Jewellery
 m - a +4 ring of evasion
Wands
 i - a wand of polymorph (5)
Potions
 h - a potion of curing {unknown}
 k - a potion of mutation


   Skills:
 * Level 4.2 Fighting
 * Level 3.4 Long Blades
 + Level 1.0 Armour
 + Level 3.2 Dodging
 + Level 2.7 Stealth
 + Level 1.3 Invocations


You had 4 spell levels left.
You didn't know any spells.
Your spell library was empty.

Dungeon Overview and Level Annotations

Branches:
Dungeon (4/15)
 Temple: D:4-7

Altars:
Dithmenos
Fedhas


Innate Abilities, Weirdness & Mutations

You thrive by killing the living.
You are immune to poison.
You have sharp fingernails.
Your flesh is cold resistant. (rC+)
You are immune to negative energy. (rN+++)
You do not regenerate when monsters are visible.
You are immune to unholy pain and torment.


Message History

Things that are here:
a +0 whip; a gnoll corpse You start resting.
HP restored.
There is a stone staircase leading down here.
You climb downwards.
The gnoll closely misses you. The scorpion stings you.
The gnoll closely misses you.
There is a stone staircase leading up here.
The scorpion barely misses you. The ogre closely misses you.
The scorpion barely misses you. The gnoll closely misses you.
You climb upwards.
There is a stone staircase leading down here.
The scorpion barely misses you. The gnoll completely misses you.
The gnoll hits you with a +0 flail.
It was a potion of berserk rage.
You feel slightly irritated. The ogre barely misses you.
You hit the ogre.
You feel better.
The ogre is lightly wounded.
The ogre closely misses you.
You barely miss the ogre.
The ogre is lightly wounded.
The ogre hits you with a +0 giant club!!
Ouch! That really hurt!
You emit a cloud of dark smoke.
You hit the ogre but do no damage.
The ogre is lightly wounded.
You hit the ogre.
You feel better.
The ogre is lightly wounded.
The ogre completely misses you.
You barely miss the ogre.
The ogre is lightly wounded.
The ogre hits you with a +0 giant club!
* * * LOW HITPOINT WARNING * * *
You hit the ogre.
The ogre is moderately wounded.
You hit the ogre but do no damage.
The ogre is moderately wounded.
The ogre hits you with a +0 giant club!!
Ouch! That really hurt!
You die...

####..#.....###########
#.....#...............#
####'######....#########.#
...............†.).# #.#
.......###########)# #)#
.......#########.#.# #.#
.........#.....§§#)# #.#
####.#.#.#.#####§#.# #)#
#..#.#...#.# #@#.# #.#
#..#.#..<#.# #O#.# #.#
#.<#.#...#.#####s#.# #.#
#.##.#...#......g#.# #.#
...............>)#.#####.#
#####....#...###.#.......#
..............##.#########
###.≈≈§≈≈≈≈≈≈.##.#
..#.≈.......≈..#.#


You could see an ogre and a scorpion.

Vanquished Creatures
  Jessica (D:3)
  Robin (D:3)
  A gnoll (D:3)
  3 adders
  An orc (D:3)
  7 endoplasms
  A giant cockroach (D:2)
  10 goblins
  3 hobgoblins
  4 quokkas
  4 ball pythons
  6 bats
  2 kobolds
  A rat (D:1)
45 creatures vanquished.

Vanquished Creatures (others)
  A demonic plant (D:1)
  A fungus (D:4)
  A withered plant (D:1)
3 creatures vanquished.

Grand Total: 48 creatures vanquished

Notes
Turn   | Place    | Note
-------+----------+-------------------------------------------
     0 | D:1      | HallandMoats the Ghoul Monk began the quest for the Orb.
     0 | D:1      | Reached XP level 1. HP: 19/19 MP: 0/0
   487 | D:1      | Found a faded altar of an unknown god.
   512 | D:1      | Prayed at the altar of an unknown god.
   512 | D:1      | Became a worshipper of Dithmenos the Shadowed
   512 | D:1      | Reached * piety under Dithmenos
   512 | D:1      | Reached ** piety under Dithmenos
   545 | D:1      | Reached XP level 2. HP: 26/26 MP: 1/1
  1150 | D:2      | Reached *** piety under Dithmenos
  1151 | D:2      | Reached XP level 3. HP: 33/33 MP: 2/2
  1852 | D:3      | Found a blossoming altar of Fedhas.
  1907 | D:3      | Noticed Robin
  1911 | D:3      | Reached skill level 1 in Invocations
  1937 | D:3      | Reached XP level 4. HP: 35/40 MP: 3/3
  1975 | D:3      | Killed Robin
  1976 | D:3      | Reached skill level 4 in Fighting
  2009 | D:3      | Noticed Jessica
  2022 | D:3      | Killed Jessica
  2023 | D:3      | Reached skill level 1 in Armour
  2400 | D:4      | Noticed an ogre
  2547 | D:4      | Noticed a scorpion
  2577 | D:3      | Reached XP level 5. HP: 33/46 MP: 4/4
  2606 | D:3      | Annihilated by an ogre

Illustrated notes

Levels and vault maps discovered:
D:1:      dpeg_arrival_houses_and_road, layout_basic,
          shapermc_ecumenical_altar_gd
D:2:      layout_basic, due_unseen_surprise
D:3:      layout_basic, mainiacjoe_overflow_concentric_impassable, uniq_jessica,
          uniq_robin
D:4:      layout_rooms, mainiacjoe_overflow_boulevard, glass_columns_b

Skill      XL: |  1  2  3  4 |
---------------+-------------+-----
Long Blades    | 3 |  3.4
Dodging        | 3 |  3.2
Invocations    | 1 |  1.3
Fighting       | 4 |  4.2
Armour         | 1 |  1.0
Stealth        | |  2.7

Action                   |  1- 3 |  4- 6 || total
-------------------------+-------+-------++-------
Melee: Falchion          |   103 |       ||   103
       Punch             |     2 |       ||     2
       Dagger            |    26 |    86 ||   112
  Use: Potion            |     1 |     3 ||     4
       Scroll            |       |     4 ||     4
 Stab: Sleeping          |     6 |     2 ||     8
Armor: Troll leather arm |    29 |     9 ||    38
       Robe              |     4 |       ||     4
Dodge: Dodged            |    99 |    54 ||   153

Table legend: (Time is in decaauts)
 A = Elapsed time spent in this place.
 B = Non-inter-level travel time spent in this place.
 C = Inter-level travel time spent in this place.
 D = Time resting spent in this place.
 E = Time spent auto-exploring this place.
 F = Levels seen in this place.
 G = Mean time per level.
                   A        B        C        D        E       F      G
               +--------+--------+--------+--------+--------+-----+--------+
         Total |   2612 |   2475 |    137 |     62 |   1868 |   4 |  653.0 |
       Dungeon |   2612 |   2475 |    137 |     62 |   1868 |   4 |  653.0 |
               +--------+--------+--------+--------+--------+-----+--------+

Top non-repeatable levels by time:
     D:1: 1000 daAuts
     D:3: 867 daAuts
     D:2: 648 daAuts
     D:4: 94 daAuts
